 Dungeon Crawl Stone Soup version 0.31-a0-267-g3fc6992b3b (webtiles) character file.

Game seed: 12618989692304553416

4057 qw the Skirmisher (level 10, -5/86 HPs)
             Began as a Minotaur Hexslinger on July 14, 2023.
             Was an Elder of Okawaru.
             Slain by a yak (8 damage)
             ... on level 9 of the Dungeon.
             The game lasted 00:02:26 (6469 turns).

qw the Skirmisher (Minotaur Hexslinger)             Turns: 6469, Time: 00:02:26

Health: -5/86      AC: 12    Str: 18    XL:     10   Next: 4%
Magic:  10/13      EV: 16    Int: 10    God:    Okawaru [****..]
Gold:   307        SH:  0    Dex: 18    Spells: 10/11 levels left

rFire   . . .        q - +0 orcbow (freeze)
rCold   . . .        (shield currently unavailable)
rNeg    . . .        b - +0 ring mail
rPois   .            (helmet restricted)
rElec   .            (no cloak)
rCorr   +            o - +2 pair of gloves
SInv    .            k - +1 pair of boots
Will    .....        f - amulet of regeneration
Stlth   ++           d - +6 ring of strength
HPRegen 1.14/turn    p - ring of resist corrosion
MPRegen 0.13/turn

%: no passive effects
@: about to teleport, heroic
A: horns 2, retaliatory headbutt
a: Renounce Religion, Heroism, Finesse


You were on level 9 of the Dungeon.
You worshipped Okawaru.
Okawaru was greatly pleased with you.
You visited 1 branch of the dungeon, and saw 9 of its levels.
You also visited: Sewer.

You collected 487 gold pieces.
You spent 180 gold pieces at shops.


Innate Abilities, Weirdness & Mutations

You have a pair of horns on your head.
You reflexively headbutt those who attack you in melee.


   Skills:
 - Level 7.5(12.5) Fighting
 + Level 11.9(16.9) Ranged Weapons
 - Level 3.8(8.8) Armour
 - Level 4.4(9.4) Dodging
 - Level 1.0 Spellcasting
 - Level 2.0 Hexes
 + Level 5.4 Invocations


You had 10 spell levels left.
You knew the following spells:

 Your Spells              Type           Power      Damage    Failure   Level
a - Slow                  Hex            16%        N/A       24%         1

Your spell library contained the following spells:

 Spells                   Type           Power      Damage    Failure   Level
 Inner Flame              Hex/Fire       2%         N/A       73%         3
 Portal Projectile        Hex/Tloc       4%         N/A       73%         3
 Cause Fear               Hex            2%         N/A       94%         4

Inventory:

Hand Weapons
 q - a +0 orcbow of freezing (weapon)
Armour
 b - a +0 ring mail (worn)
 k - a +1 pair of boots (worn)
 o - a +2 pair of gloves (worn)
Jewellery
 d - a +6 ring of strength (left hand)
 f - an amulet of regeneration (around neck)
 p - a ring of resist corrosion (right hand)
Scrolls
 c - 3 scrolls of identify
 e - 5 scrolls of teleportation
Potions
 a - 3 potions of curing
 g - 6 potions of enlightenment
 j - 2 potions of resistance
 l - a potion of haste
 n - 2 potions of mutation {unknown}

Dungeon Overview and Level Annotations

Branches:
Dungeon (9/15)             Temple (0/1) D:5           Sewer (visited)
   Lair: D:8-11         Orc: D:9-12

Altars:
Nemelex Xobeh
Okawaru
Sif Muna
Xom

Shops:
D:4 *

Annotations:
D:3 3 runed translucent doors, qw's ghost, amateur MiHs


Message History

The yak is almost dead.
You shoot an arrow. The arrow hits the yak.
The arrow freezes the yak.
The yak is almost dead.
The yak barely misses you. The yak misses you. The yak barely misses you.
You shoot an arrow. The arrow barely misses the yak.
The yak gores you but does no damage. x3
You shoot an arrow. The arrow hits the yak!
The arrow freezes the yak.
You kill the yak!
Okawaru accepts your kill. The yak gores you! The yak completely misses you.
You have reached level 10!
You shoot an arrow. The arrow hits the yak!
The arrow freezes the yak.
The yak is heavily wounded.
The yak closely misses you. x2
You shoot an arrow. The arrow hits the yak!
The arrow freezes the yak.
The yak is almost dead.
You shoot an arrow. The arrow barely misses the yak.
The yak barely misses you. You furiously retaliate!
You headbutt the yak! The yak gores you but does no damage.
You shoot an arrow. The arrow barely misses the yak.
The yak misses you. You furiously retaliate!
You headbutt the yak, but do no damage. The yak gores you!
6464 ||| READING 6 scrolls of teleportation.
As you read the scroll of teleportation, it crumbles to dust.
You feel strangely unstable. The yak gores you! The yak closely misses you.
You shoot an arrow. The arrow hits the yak.
The arrow freezes the yak.
The yak is almost dead.
The yak gores you. The yak barely misses you.
You shoot an arrow. The arrow hits the yak.
The arrow freezes the yak.
You kill the yak!
Okawaru accepts your kill.
You shoot an arrow. The arrow closely misses the yak.
The yak gores you!
You shoot an arrow. The arrow hits the yak!
The arrow freezes the yak.
The yak is severely wounded.
The yak gores you but does no damage.
You shoot an arrow. The arrow barely misses the yak.
The yak gores you!
You die...

... ..# ..# #..# ..#
#... ..# ### #..#
..# ##.####..#
####.%#####
#....##..#
#.%@%......
##.#.##..#
#.##Y.#####
#.#.##/.####.##..#
###.#.##...........#
....#.##.########.##
#####.##.####### .#
#........... .#
####.####### .# #.#


You could see a yak.

Vanquished Creatures
  A two-headed ogre (D:8)
  Prince Ribbit (D:6)
  A hornet (D:9)
  A shadow (D:8)
  5 yaks (D:9)
  Menkaure (D:5)
  A water moccasin (D:7)
  2 sky beasts (D:8)
  2 ice beasts (D:5)
  A black bear (D:4)
  A centaur (D:8)
  A phantom (D:4)
  3 bullfrogs
  3 scorpions
  3 killer bees (D:9)
  3 howler monkeys
  8 hounds
  A jelly (D:4)
  An iguana (D:5)
  Natasha (twice) (D:3)
  An orc wizard (D:5)
  A malarious merfolk avatar (Sewer)
  A sickly merfolk siren (Sewer)
  7 gnolls
  10 adders
  4 river rats
  3 white imps
  2 worms (D:2)
  15 orcs
  A bat (D:3)
  6 endoplasms
  4 giant cockroaches
  6 goblins
  10 hobgoblins
  3 jackals (D:3)
  A quokka (D:4)
  15 ball pythons
  4 frilled lizards
  7 kobolds
  29 rats
172 creatures vanquished.

Notes
Turn   | Place    | Note
-------+----------+-------------------------------------------
     0 | D:1      | qw the Minotaur Hexslinger began the quest for the Orb.
     0 | D:1      | Reached XP level 1. HP: 16/16 MP: 1/1
     0 | D:1      | 0 ||| qw: Version: 0.3-a-52-g30416fa
     0 | D:1      | 0 ||| qw: Game counter: 7795
     0 | D:1      | 0 ||| qw: Melee chars always use a shield: true
     0 | D:1      | 0 ||| qw: God list: Okawaru
     0 | D:1      | 0 ||| qw: Allow faded altars: false
     0 | D:1      | 0 ||| qw: Do Orc after clearing Dungeon:15 true
     0 | D:1      | 0 ||| qw: Do second Lair branch before Depths: true
     0 | D:1      | 0 ||| qw: Lair rune preference: random
     0 | D:1      | 0 ||| qw: Goals: Normal
     0 | D:1      | 0 ||| PLANNING D:1-11
     6 | D:1      | You fall into a shaft and drop 1 floor!
    35 | D:2      | Reached skill level 3 in Ranged Weapons
    35 | D:2      | Reached XP level 2. HP: 18/23 MP: 2/2
    58 | D:2      | 58 ||| READING scroll labelled ENOETA NEH LIH.
    59 | D:2      | 59 ||| DROPPING scroll of poison.
   225 | D:1      | Found a faded altar of an unknown god.
   631 | D:1      | 631 ||| UPGRADING to +0 ring mail.
   641 | D:1      | 641 ||| DROPPING +0 robe.
   642 | D:1      | 642 ||| READING scroll labelled RAEMANN DOPRI.
   643 | D:1      | 643 ||| READING 2 scrolls labelled YSEGGE WOURA.
   648 | D:1      | 648 ||| DRINKING 3 pink potions.
   694 | D:2      | Reached XP level 3. HP: 29/29 MP: 3/3
   885 | D:2      | Reached skill level 4 in Ranged Weapons
  1038 | D:2      | Found an iron altar of Okawaru.
  1039 | D:2      | 1039 ||| PLANNING OKAWARU WORSHIP
  1039 | D:2      | 1039 ||| UPGRADING to amulet of guardian spirit.
  1044 | D:2      | 1044 ||| READING scroll labelled RUJAATHISA.
  1045 | D:2      | 1045 ||| READING scroll labelled RAL TUSHAST.
  1046 | D:2      | 1046 ||| READING scroll labelled APITWI JOGYST.
  1047 | D:2      | 1047 ||| READING scroll labelled RADGHU SENUSOIFESCH.
  1055 | D:2      | Became a worshipper of Warmaster Okawaru
  1056 | D:2      | 1056 ||| PLANNING D:1-11
  1056 | D:2      | 1056 ||| REMOVING amulet of guardian spirit.
  1096 | D:2      | 1096 ||| DROPPING amulet of guardian spirit.
  1110 | D:3      | 1110 ||| PLANNING SEWER
  1229 | D:3      | Reached skill level 1 in Armour
  1290 | D:3      | Reached XP level 4. HP: 36/36 MP: 4/4
  1313 | D:3      | Identified the +4 sling "Sifen" {flame, *Slow rPois Str+7}
  1315 | D:3      | 1315 ||| SWAPPING to +4 sling "Sifen" {flame, *Slow rPois
                  | Str+7}.
  1316 | D:3      | 1316 ||| DROPPING +1 heavy sling.
  1390 | D:3      | Found a glowing drain.
  1391 | D:3      | 1391 ||| READING scroll labelled DAMMUX RIKLEMY.
  1403 | D:3      | 1403 ||| READING 2 scrolls of identify.
  1403 | D:3      | 1403 ||| IDENTIFYING inky potion
  1404 | D:3      | 1404 ||| DROPPING potion of degeneration.
  1450 | Sewer    | Entered a sewer
  1453 | Sewer    | 1453 ||| Stepping ~*~*~tactically~*~*~ (water).
  1497 | Sewer    | Reached skill level 5 in Ranged Weapons
  1535 | Sewer    | Reached XP level 5. HP: 44/44 MP: 5/5
  1579 | Sewer    | Reached skill level 3 in Fighting
  1614 | Sewer    | 1614 ||| Stepping ~*~*~tactically~*~*~ (water).
  1652 | Sewer    | 1652 ||| Stepping ~*~*~tactically~*~*~ (water).
  1772 | Sewer    | 1772 ||| READING scroll labelled DIUD TICUELY.
  1773 | Sewer    | 1773 ||| READING 2 scrolls of identify.
  1773 | Sewer    | 1773 ||| IDENTIFYING ruby potion
  1774 | Sewer    | 1774 ||| DROPPING potion of attraction.
  1825 | D:3      | 1825 ||| PLANNING D:1-11
  1857 | D:3      | Noticed Natasha
  1860 | D:3      | Killed Natasha
  1934 | D:3      | Found a runed translucent gate.
  1934 | D:3      | Found a runed translucent gate.
  1934 | D:3      | Found a runed translucent gate.
  1937 | D:3      | Noticed qw's ghost (amateur MiHs)
  2157 | D:3      | Noticed Natasha
  2162 | D:3      | Killed Natasha
  2162 | D:3      | Reached * piety under Okawaru
  2163 | D:3      | Reached skill level 6 in Ranged Weapons
  2314 | D:3      | 2314 ||| UPGRADING to +6 ring of strength.
  2315 | D:3      | 2315 ||| READING 2 scrolls of identify.
  2315 | D:3      | 2315 ||| IDENTIFYING bubbling sapphire potion
  2316 | D:3      | 2316 ||| DROPPING potion of ambrosia.
  2335 | D:4      | Reached XP level 6. HP: 51/51 MP: 6/6
  2359 | D:4      | 2359 ||| INVOKING Heroism.
  2542 | D:4      | Found Zeedoba's Assorted Antiques.
  2552 | D:4      | 2552 ||| BUYING opal ring (90 gold).
  2552 | D:4      | Bought an opal ring for 90 gold pieces
  2552 | D:4      | 2552 ||| BUYING potion of curing (54 gold).
  2552 | D:4      | Bought a potion of curing for 54 gold pieces
  2552 | D:4      | 2552 ||| BUYING scroll of identify (36 gold).
  2552 | D:4      | Bought a scroll of identify for 36 gold pieces
  2552 | D:4      | 2552 ||| SHOPLISTING wooden ring (90 gold, have 55).
  2678 | D:4      | Reached skill level 1 in Invocations
  2683 | D:4      | 2683 ||| INVOKING Heroism.
  2875 | D:4      | 2875 ||| INVOKING Heroism.
  2883 | D:4      | Reached XP level 7. HP: 55/59 MP: 4/7
  3176 | D:4      | 3176 ||| INVOKING Heroism.
  3347 | D:4      | 3347 ||| UPGRADING to amulet of regeneration.
  3352 | D:4      | 3352 ||| DROPPING ring of flight.
  3353 | D:4      | 3353 ||| READING 2 scrolls of identify.
  3353 | D:4      | 3353 ||| IDENTIFYING cyan potion
  3354 | D:4      | 3354 ||| DROPPING potion of invisibility.
  3399 | D:5      | Entered Level 5 of the Dungeon
  3425 | D:5      | Reached skill level 7 in Ranged Weapons
  3428 | D:5      | Reached skill level 3 in Invocations
  3449 | D:5      | Reached ** piety under Okawaru
  3482 | D:5      | Found a staircase to the Ecumenical Temple.
  3556 | D:5      | 3556 ||| INVOKING Heroism.
  3559 | D:5      | Reached skill level 8 in Ranged Weapons
  3705 | D:5      | Reached XP level 8. HP: 55/67 MP: 10/10
  3771 | D:5      | 3771 ||| DRINKING 3 potions of curing.
  3771 | D:5      | 3771 ||| (to cure confusion)
  3931 | D:5      | Noticed Menkaure
  3932 | D:5      | 3932 ||| INVOKING Heroism.
  3939 | D:5      | Killed Menkaure
  3940 | D:5      | Reached skill level 3 in Dodging
  4160 | D:5      | 4160 ||| UPGRADING to +0 pair of boots.
  4165 | D:5      | 4165 ||| READING scroll labelled IDISTI CONUWE.
  4494 | D:6      | Noticed Prince Ribbit
  4495 | D:6      | 4495 ||| INVOKING Heroism.
  4503 | D:6      | Killed Prince Ribbit
  4504 | D:6      | Reached skill level 9 in Ranged Weapons
  4786 | D:6      | Found a shimmering blue altar of Sif Muna.
  4844 | D:6      | Reached skill level 6 in Fighting
  4862 | D:6      | 4862 ||| DROPPING +6 ring of intelligence.
  4863 | D:6      | 4863 ||| READING 2 scrolls of identify.
  4863 | D:6      | 4863 ||| IDENTIFYING viscous yellow potion
  4958 | D:7      | 4958 ||| INVOKING Heroism.
  4967 | D:7      | Reached *** piety under Okawaru
  4968 | D:7      | Reached skill level 10 in Ranged Weapons
  4988 | D:7      | Found a shimmering altar of Xom.
  5045 | D:7      | 5045 ||| READING scroll of enchant armour.
  5045 | D:7      | 5045 ||| ENCHANTING +0 pair of boots.
  5237 | D:7      | Found a sparkling altar of Nemelex Xobeh.
  5290 | D:7      | 5290 ||| READING 2 scrolls of identify.
  5290 | D:7      | 5290 ||| IDENTIFYING emerald potion
  5338 | D:8      | Reached XP level 9. HP: 61/75 MP: 11/11
  5791 | D:8      | 5791 ||| SWAPPING to +0 orcbow.
  5793 | D:8      | 5793 ||| DROPPING +4 sling "Sifen" {flame, *Slow rPois
                  | Str+7}.
  5794 | D:8      | 5794 ||| READING 2 scrolls of brand weapon.
  5794 | D:8      | 5794 ||| BRANDING +0 orcbow.
  5795 | D:8      | 5795 ||| READING scroll of brand weapon.
  5795 | D:8      | 5795 ||| BRANDING +0 orcbow of draining.
  6108 | D:8      | Noticed a two-headed ogre
  6109 | D:8      | 6109 ||| INVOKING Heroism.
  6115 | D:8      | Killed a two-headed ogre
  6115 | D:8      | Reached **** piety under Okawaru
  6116 | D:8      | Reached skill level 11 in Ranged Weapons
  6178 | D:8      | 6178 ||| UPGRADING to +2 pair of gloves.
  6183 | D:8      | 6183 ||| UPGRADING to ring of resist corrosion.
  6184 | D:8      | 6184 ||| READING 2 scrolls of identify.
  6184 | D:8      | 6184 ||| IDENTIFYING grey potion
  6185 | D:8      | 6185 ||| DROPPING potion of berserk rage.
  6305 | D:9      | Paralysed by a hornet for 1 turns
  6306 | D:9      | 6306 ||| INVOKING Heroism.
  6310 | D:9      | Reached skill level 3 in Armour
  6451 | D:9      | 6451 ||| INVOKING Heroism.
  6460 | D:9      | Reached XP level 10. HP: 26/86 MP: 9/12
  6463 | D:9      | HP: 16/86 [yak (13)]
  6464 | D:9      | 6464 ||| READING 6 scrolls of teleportation.
  6467 | D:9      | HP: 1/86 [yak (10)]
  6469 | D:9      | Slain by a yak

Levels and vault maps discovered:
D:1:      evilmike_arrival_fibonacci_small, layout_loops_ring,
          ebering_ecumenical_altar_hall
D:2:      layout_basic, basic_altar
D:3:      layout_basic, portal_sewer_entry_b, gammafunk_ghost_nasty_kobolds,
          minivault_11, corexii_shack, uniq_natasha
D:4:      layout_loops_corners, serial_shops, nicolae_diamond_shop
D:5:      layout_basic, minmay_temple_entry_trees, st_stairs_1,
          dreamdust_gnoll_farm, uniq_menkaure
D:6:      layout_basic, nicolae_sif_muna_little_library,
          amcnicky_mini_rare_corridor_liquid, dk_rats_in_the_wall,
          uniq_prince_ribbit1
D:7:      layout_rooms, mainiacjoe_overflow_paths, nemelex_diamond_rough_becter
D:8:      layout_basic, serial_co_window_serial, co_window_paths_a,
          co_window_paths_a, co_window_paths_a, co_window_paths_a,
          co_window_corner_a, co_window_of_opportunity_c,
          co_window_unsneaky_path_c, co_window_broadway_b, co_window_2corner,
          glass_columns_a, glass_columns_a, glass_columns_a, fountainhead
D:9:      layout_loops_ring, kennysheep_generic_room_4

Skill      XL: |  1  2  3  4  5  6  7  8  9 |
---------------+----------------------------+-----
Ranged Weapons | 3 4 5 6 8 10 11 | 11.9
Fighting       | 2 3 4 6 7 |  7.5
Armour         | 1 2 3 |  3.8
Invocations    | 2 4 5 |  5.4
Dodging        | 4 |  4.4
Spellcasting   | |  1.0
Hexes          | |  2.0

Action                     |  1- 3 |  4- 6 |  7- 9 | 10-12 || total
---------------------------+-------+-------+-------+-------++-------
   Fire: Sling             |   103 |   171 |   192 |       ||   466
         Orcbow            |       |       |    52 |     9 ||    61
 Invoke: Heroism           |       |     3 |     8 |       ||    11
    Use: Scroll            |     7 |     5 |     8 |     1 ||    21
         Potion            |     1 |       |     1 |       ||     2
 Armour: Robe              |     2 |       |       |       ||     2
         Ring mail         |    11 |    24 |    41 |     2 ||    78
  Dodge: Dodged            |    37 |    54 |    77 |     6 ||   174

Table legend:
 A = Non-vault XP
 B = Vault XP
 C = Vault XP percentage of total XP
 D = Non-vault monster count
 E = Vault monster count
 F = Vault count percentage of total count
                 A         B        C        D         E       F
            +---------+---------+-------+---------+---------+-------
      Total |    4800 |     996 |  17.2 |     112 |      60 |  34.9
            +---------+---------+-------+---------+---------+-------
        D:1 |      11 |       0 |   0.0 |       7 |       0 |   0.0
        D:2 |      67 |       0 |   0.0 |      23 |       0 |   0.0
        D:3 |      85 |      66 |  43.7 |      14 |       7 |  33.3
        D:4 |     485 |       0 |   0.0 |      22 |       0 |   0.0
        D:5 |     371 |     498 |  57.3 |      13 |       9 |  40.9
        D:6 |     256 |     283 |  52.5 |       5 |       1 |  16.7
        D:7 |     525 |       0 |   0.0 |       8 |       0 |   0.0
        D:8 |    1507 |       0 |   0.0 |      11 |       0 |   0.0
        D:9 |    1493 |       0 |   0.0 |       9 |       0 |   0.0
      Sewer |       0 |     149 | 100.0 |       0 |      43 | 100.0
            +---------+---------+-------+---------+---------+-------
